Coyotes vs Devils

Created - February 14, 2020 at 20:26

Goals
1 2 3 T
Coyotes 0 0 2 2
Devils 2 3 0 5
Shots
1 2 3 T
Coyotes 5 5 22 32
Devils 12 12 7 31

1st period

1. Devils , Gabriel Landeskog 7 (Riley Sheahan 10, Ladislav Smid 9) at 10:01
2. Devils , Johnny Gaudreau 33 (Travis Hamonic 15) at 10:34

Penalties :
Jamie Arniel (Ari) for Slashing (Minor) at 6:19

2nd period

3. Devils , Johnny Gaudreau 34 (Ladislav Smid 10) at 4:11
4. Devils , Viktor Arvidsson 17 (Johnny Gaudreau 35, Tyler Seguin 27) at 5:45
5. Devils , Kellan Lain 7 (Brady Skjei 14, Shea Weber 19) at 8:06 (PP)

Penalties :
Marian Gaborik (Ari) for Boarding (Major) at 7:28

3rd period

6. Coyotes , Michael Del Zotto 5 (Evgeny Artyukhin 3, Matt Donovan 7) at 8:54
7. Coyotes , Zach Parise 18 (Brad Richards 24) at 12:17

Penalties :
Zach Parise (Ari) for Close Hand On Puck (Minor) at 0:50, Rostislav Olesz (NJD) for Hooking (Minor) at 14:38, Matt Donovan (Ari) for High sticking (Minor) at 19:14

Goalie Stats

Maxime Daigneault (Ari), 15 saves from 16 shots - (0.938), 34:15 minutes
Thomas McCollum (Ari), 11 saves from 15 shots - (0.733), L, 5-4-1, 25:45 minutes
Keith Kinkaid (NJD), 30 saves from 32 shots - (0.938), W, 5-4-0, 60:00 minutes

Players Stats for Coyotes

Player Name              G  A  P  +/- PIM S  H  SB GA TA FO     MP     PP MP  PK MP  
------------------------------------------------------------------------------------
Andrew MacDonald         0  0  0   0  0   0  0  0  0  0  0/0     4:21   0:00   0:38 
Anton Stralman           0  0  0   0  0   2  2  2  1  2  0/0    26:34   1:12   5:18 
Brad Richards            0  1  1   0  0   3  2  1  0  0  11/16  19:24   1:00   3:26 
Chris Stewart            0  0  0   0  0   3  0  0  1  1  1/3    16:13   1:00   0:00 
Evgeny Artyukhin         0  1  1   1  0   0  3  1  0  0  1/1    13:12   0:13   2:25 
Jamie Arniel             0  0  0   1  2   1  2  1  0  1  5/8    15:07   0:13   3:48 
Josh Gorges              0  0  0  -1  0   1  0  0  0  1  0/0    15:01   0:00   3:34 
Kristopher Letang        0  0  0   0  0   2  1  2  1  2  0/0    29:15   1:23   5:18 
Marian Gaborik           0  0  0  -3  5   4  1  1  3  0  0/1    22:21   0:46   0:00 
Martin Samuelsson        0  0  0   1  0   1  2  0  0  0  0/0    15:18   0:13   4:44 
Matt Donovan             0  1  1  -1  2   1  2  2  0  0  0/0    13:45   0:47   0:00 
Michael Del Zotto        1  0  1   0  0   5  3  0  2  0  0/0    20:26   0:36   3:46 
Nazem Kadri              0  0  0  -1  0   5  1  2  0  1  14/36  19:09   0:46   0:45 
Nick Bonino              0  0  0  -2  0   0  0  0  0  0  1/2     5:29   0:00   0:00 
Ramzi Abid               0  0  0  -2  0   0  0  0  0  0  0/0     7:52   0:00   2:04 
Thomas Hickey            0  0  0  -2  0   0  1  0  0  0  0/0    10:37   0:00   0:50 
Tyler Ennis              0  0  0  -1  0   2  2  0  0  0  0/1    17:32   0:46   0:00 
Zach Parise              1  0  1   0  2   2  1  0  0  0  0/0    18:38   1:00   2:12 

Players Stats for Devils

Player Name              G  A  P  +/- PIM S  H  SB GA TA FO     MP     PP MP  PK MP  
------------------------------------------------------------------------------------
Anthony Stewart          0  0  0   0  0   2  3  0  0  0  0/0    10:58   3:45   0:00 
Brady Skjei              0  1  1   1  0   3  2  1  1  0  0/0    24:25   5:50   0:00 
Brandon Burlon           0  0  0   1  0   0  0  3  0  0  0/0    13:26   0:34   0:00 
Gabriel Landeskog        1  0  1   0  0   3  2  0  1  0  0/0    17:27   0:52   1:10 
Johnny Gaudreau          2  1  3   2  0   5  1  0  0  1  1/2    22:06   4:55   0:38 
Jordan Caron             0  0  0   0  0   0  1  0  0  0  0/0    10:57   1:10   0:00 
Kellan Lain              1  0  1   0  0   3  2  0  0  0  1/1    13:29   3:53   0:11 
Kevin Porter             0  0  0   0  0   0  1  0  1  0  2/6    10:47   0:26   0:43 
Ladislav Smid            0  2  2   1  0   1  0  4  0  1  0/0    15:15   0:34   1:02 
Marian Hossa             0  0  0   0  0   2  2  1  1  0  0/0    19:24   4:44   0:00 
Riley Sheahan            0  1  1   0  0   2  0  0  1  0  12/23  19:32   3:46   1:10 
Rostislav Olesz          0  0  0   0  2   1  0  1  1  0  0/0     8:32   0:54   0:00 
Shea Weber               0  1  1   0  0   1  2  0  0  3  0/0    20:17   5:50   0:57 
Tobias Enstrom           0  0  0   0  0   0  2  0  0  0  0/0    21:12   3:18   1:02 
Travis Hamonic           0  1  1   1  0   1  2  1  1  1  0/0    25:25   3:18   0:57 
Tyler Bozak              0  0  0   0  0   3  1  0  0  0  2/4     6:56   0:00   0:00 
Tyler Seguin             0  1  1   2  0   2  4  0  0  1  17/30  21:30   4:41   0:06 
Viktor Arvidsson         1  0  1   2  0   2  0  0  1  1  0/2    16:22   0:00   0:00 

3 Stars

1 - Johnny Gaudreau (NJD)
2 - Viktor Arvidsson (NJD)
3 - Tyler Seguin (NJD)

Power Play

Coyotes - 0 on 1 Attempt(s) - 0.00%
Devils - 1 on 5 Attempt(s) - 20.00%

Penalty Kill

Coyotes - 4 on 5 Attempt(s) - 80.00% - Score 0 goal in Penalty Kill
Devils - 1 on 1 Attempt(s) - 100.00% - Score 0 goal in Penalty Kill

Team Stat

Coyotes - Hits : 23 - Faceoff Wins : 33 - Blocked Shots : 12 - Penalty Minutes : 11
Devils - Hits : 25 - Faceoff Wins : 35 - Blocked Shots : 11 - Penalty Minutes : 2

Official

Referees : Unknown
Linesman : Unknown

Game Notes

Maxime Daigneault enters game at 5:45 of 2nd period
Josh Gorges is injured at 6:23 of 3rd period (Sprained Right Knee)

Finance

Level 1 -- Attendance: 4694 (78.23%) -- Ticket Income $516,340
Level 2 -- Attendance: 4303 (86.06%) -- Ticket Income $301,210
Level 3 -- Attendance: 1643 (82.15%) -- Ticket Income $75,578
Level 4 -- Attendance: 3466 (86.65%) -- Ticket Income $103,980
Luxury Box -- Attendance: 905 (90.50%) -- Ticket Income $162,900
Game was played at the The prudential Center.
Total Attendance: 15011 (83.39%)
Total Ticket Income: $1,160,008
Other Income: $174,001
Total Income: $1,334,009

Coyotes

5 vs 5 Forward 
   Center                   Left Wing                Right Wing               Time % Phy DF OF 
 1 Nazem Kadri              Tyler Ennis              Marian Gaborik           40     1   2  2  
 2 Brad Richards            Zach Parise              Chris Stewart            30     1   2  2  
 3 Jamie Arniel             Martin Samuelsson        Evgeny Artyukhin         20     1   2  2  
 4 Nick Bonino              Ramzi Abid               Marian Gaborik           10     1   2  2  

5 vs 5 Defense 
   Defense                  Defense                                           Time % Phy DF OF 
 1 Kristopher Letang        Anton Stralman                                    40     1   2  2  
 2 Josh Gorges              Michael Del Zotto                                 30     1   2  2  
 3 Matt Donovan             Thomas Hickey                                     20     1   2  2  
 4 Andrew MacDonald         Kristopher Letang                                 10     1   2  2  

PowerPlay Forward 
   Center                   Left Wing                Right Wing               Time % Phy DF OF 
 1 Nazem Kadri              Tyler Ennis              Marian Gaborik           60     1   2  2  
 2 Brad Richards            Zach Parise              Chris Stewart            40     1   2  2  

PowerPlay Defense
   Defense                  Defense                                           Time % Phy DF OF 
 1 Kristopher Letang        Anton Stralman                                    60     1   2  2  
 2 Josh Gorges              Michael Del Zotto                                 40     1   2  2  

Penalty Kill 4 Players Forward 
   Center                   Wing                     Time % Phy DF OF 
 1 Jamie Arniel             Martin Samuelsson        60     1   2  2  
 2 Brad Richards            Zach Parise              40     1   2  2  

Penalty Kill 4 Players Defense
   Defense                  Defense                  Time % Phy DF OF 
 1 Kristopher Letang        Anton Stralman           60     1   2  2  
 2 Josh Gorges              Michael Del Zotto        40     1   2  2  

Penalty Kill - 3 Players Forward 
   Forward                                           Time % Phy DF OF 
 1 Tyler Ennis                                       60     1   2  2  
 2 Marian Gaborik                                    40     1   2  2  

Penalty Kill - 3 Players Defense
   Defense                  Defense                  Time % Phy DF OF 
 1 Kristopher Letang        Anton Stralman           60     1   2  2  
 2 Josh Gorges              Michael Del Zotto        40     1   2  2  

4 vs 4 Forward 
   Center                   Wing                     Time % Phy DF OF 
 1 Tyler Ennis              Marian Gaborik           60     1   2  2  
 2 Zach Parise              Nazem Kadri              40     1   2  2  

4 vs 4 Defense
   Defense                  Defense                  Time % Phy DF OF 
 1 Kristopher Letang        Anton Stralman           60     1   2  2  
 2 Josh Gorges              Michael Del Zotto        40     1   2  2  

Last Minutes Offensive
   Center                   Left Wing                Right Wing               Defense                  Defense                  
   Nazem Kadri              Tyler Ennis              Marian Gaborik           Kristopher Letang        Anton Stralman           

Last Minutes Defensive
   Center                   Left Wing                Right Wing               Defense                  Defense                  
   Nazem Kadri              Tyler Ennis              Marian Gaborik           Kristopher Letang        Anton Stralman           

Goaltenders
Starting : Thomas McCollum          
Backup : Maxime Daigneault        

Extra Forwards
Normal : Jamie Arniel, Martin Samuelsson, Evgeny Artyukhin - PP : Jamie Arniel, Martin Samuelsson - PK : Evgeny Artyukhin
Extra Defensemen
Normal : Matt Donovan, Thomas Hickey, Andrew MacDonald - PP : Matt Donovan - PK : Thomas Hickey, Andrew MacDonald
Penalty Shots
Tyler Ennis, Marian Gaborik, Zach Parise, Nazem Kadri, Brad Richards

Scratches
Mike Weber (Healthy)

Devils

5 vs 5 Forward 
   Center                   Left Wing                Right Wing               Time % Phy DF OF 
 1 Tyler Seguin             Johnny Gaudreau          Viktor Arvidsson         40     1   2  2  
 2 Riley Sheahan            Gabriel Landeskog        Marian Hossa             30     1   2  2  
 3 Kevin Porter             Kellan Lain              Jordan Caron             20     1   2  2  
 4 Tyler Bozak              Rostislav Olesz          Anthony Stewart          10     1   2  2  

5 vs 5 Defense 
   Defense                  Defense                                           Time % Phy DF OF 
 1 Travis Hamonic           Brady Skjei                                       40     1   2  2  
 2 Shea Weber               Tobias Enstrom                                    30     1   2  2  
 3 Ladislav Smid            Brandon Burlon                                    20     1   2  2  
 4 Travis Hamonic           Tobias Enstrom                                    10     1   2  2  

PowerPlay Forward 
   Center                   Left Wing                Right Wing               Time % Phy DF OF 
 1 Tyler Seguin             Johnny Gaudreau          Marian Hossa             60     1   2  2  
 2 Riley Sheahan            Kellan Lain              Anthony Stewart          40     1   2  2  

PowerPlay Defense
   Defense                  Defense                                           Time % Phy DF OF 
 1 Shea Weber               Brady Skjei                                       60     1   2  2  
 2 Tobias Enstrom           Travis Hamonic                                    40     1   2  2  

Penalty Kill 4 Players Forward 
   Center                   Wing                     Time % Phy DF OF 
 1 Riley Sheahan            Gabriel Landeskog        60     1   2  2  
 2 Kevin Porter             Kellan Lain              40     1   2  2  

Penalty Kill 4 Players Defense
   Defense                  Defense                  Time % Phy DF OF 
 1 Travis Hamonic           Shea Weber               60     1   2  2  
 2 Tobias Enstrom           Ladislav Smid            40     1   2  2  

Penalty Kill - 3 Players Forward 
   Forward                                           Time % Phy DF OF 
 1 Gabriel Landeskog                                 60     1   2  2  
 2 Kevin Porter                                      40     1   2  2  

Penalty Kill - 3 Players Defense
   Defense                  Defense                  Time % Phy DF OF 
 1 Travis Hamonic           Shea Weber               60     1   2  2  
 2 Tobias Enstrom           Ladislav Smid            40     1   2  2  

4 vs 4 Forward 
   Center                   Wing                     Time % Phy DF OF 
 1 Tyler Seguin             Gabriel Landeskog        60     1   2  2  
 2 Johnny Gaudreau          Viktor Arvidsson         40     1   2  2  

4 vs 4 Defense
   Defense                  Defense                  Time % Phy DF OF 
 1 Travis Hamonic           Shea Weber               60     1   2  2  
 2 Tobias Enstrom           Brady Skjei              40     1   2  2  

Last Minutes Offensive
   Center                   Left Wing                Right Wing               Defense                  Defense                  
   Tyler Seguin             Johnny Gaudreau          Viktor Arvidsson         Travis Hamonic           Shea Weber               

Last Minutes Defensive
   Center                   Left Wing                Right Wing               Defense                  Defense                  
   Riley Sheahan            Gabriel Landeskog        Marian Hossa             Travis Hamonic           Shea Weber               

Goaltenders
Starting : Keith Kinkaid            
Backup : Antti Niemi              

Extra Forwards
Normal : Gabriel Landeskog, Rostislav Olesz, Kevin Porter - PP : Gabriel Landeskog, Rostislav Olesz - PK : Kevin Porter
Extra Defensemen
Normal : Brady Skjei, Ladislav Smid, Tobias Enstrom - PP : Brady Skjei - PK : Ladislav Smid, Tobias Enstrom
Penalty Shots
Tyler Seguin, Viktor Arvidsson, Johnny Gaudreau, Riley Sheahan, Gabriel Landeskog

Scratches
Radko Gudas (Back Spasms Injury)

% Time on Ice - Coyotes

Lines # - Real PCT - Wanted PCT - Time Play
Normal Forward
1 - 36% - 40% - 17:20
2 - 32% - 30% - 15:17
3 - 21% - 20% - 10:13
4 - 11% - 10% - 5:29
Normal Defense
1 - 41% - 40% - 19:37
2 - 35% - 30% - 16:48
3 - 18% - 20% - 8:56
4 - 6% - 10% - 2:58
PP Forward
1 - 50% - 60% - 0:59
2 - 50% - 40% - 1:00
PP Defense
1 - 70% - 60% - 1:23
2 - 30% - 40% - 0:36
PK Forward
1 - 75% - 60% - 7:17
2 - 25% - 40% - 2:25
PK Defense
1 - 59% - 60% - 5:43
2 - 41% - 40% - 3:59
PK3 Forward
1 - 0% - 60%
2 - 0% - 40%
PK3 Defense
1 - 0% - 60%
2 - 0% - 40%
44 Forward
1 - 0% - 60%
2 - 0% - 40%
44 Defense
1 - 0% - 60%
2 - 0% - 40%
Last Minute Offensive  - 0:00
Last Minute Defensive  - 0:00
Total
Forward - 60:00
Defense - 60:00

% Time on Ice - Devils

Lines # - Real PCT - Wanted PCT - Time Play
Normal Forward
1 - 36% - 40% - 17:22
2 - 30% - 30% - 14:36
3 - 19% - 20% - 9:25
4 - 14% - 10% - 6:56
Normal Defense
1 - 38% - 40% - 18:16
2 - 28% - 30% - 13:35
3 - 27% - 20% - 12:52
4 - 7% - 10% - 3:36
PP Forward
1 - 58% - 60% - 5:37
2 - 42% - 40% - 4:05
PP Defense
1 - 66% - 60% - 6:24
2 - 34% - 40% - 3:18
PK Forward
1 - 91% - 60% - 1:48
2 - 9% - 40% - 0:11
PK Defense
1 - 48% - 60% - 0:57
2 - 52% - 40% - 1:02
PK3 Forward
1 - 0% - 60%
2 - 0% - 40%
PK3 Defense
1 - 0% - 60%
2 - 0% - 40%
44 Forward
1 - 0% - 60%
2 - 0% - 40%
44 Defense
1 - 0% - 60%
2 - 0% - 40%
Last Minute Offensive  - 0:00
Last Minute Defensive  - 0:00
Total
Forward - 60:00
Defense - 60:00

Play-by-Play

1st period


0:01 of 1st period - Nazem Kadri wins face-off versus Tyler Seguin in neutral zone.
0:06 of 1st period - Nazem Kadri is hit by Travis Hamonic and loses puck.
0:58 of 1st period - Slapshot by Matt Donovan.
0:58 of 1st period - Stopped by Keith Kinkaid without a rebound.
0:59 of 1st period - Nick Bonino wins face-off versus Tyler Bozak in Devils zone.
1:28 of 1st period - Evgeny Artyukhin is hit by Tyler Seguin and loses puck.
2:09 of 1st period - Slapshot by Tyler Seguin.
2:09 of 1st period - Stopped by Thomas McCollum without a rebound.
2:10 of 1st period - Riley Sheahan wins face-off versus Brad Richards in Coyotes zone.
2:36 of 1st period - Tobias Enstrom is hit by Tyler Ennis and loses puck.
3:03 of 1st period - Rostislav Olesz is hit by Jamie Arniel and loses puck.
3:12 of 1st period - Slapshot by Tyler Bozak.
3:12 of 1st period - Stopped by Thomas McCollum with a rebound.
3:30 of 1st period - Thomas Hickey is hit by Marian Hossa and loses puck.
3:55 of 1st period - Snap shot by Johnny Gaudreau.
3:55 of 1st period - Stopped by Thomas McCollum without a rebound.
3:56 of 1st period - Nazem Kadri wins face-off versus Kevin Porter in Coyotes zone.
4:11 of 1st period - Wrist shot by Tyler Ennis.
4:11 of 1st period - Stopped by Keith Kinkaid without a rebound.
4:12 of 1st period - Nazem Kadri wins face-off versus Tyler Seguin in Devils zone.
4:21 of 1st period - Travis Hamonic is hit by Marian Gaborik and loses puck.
4:28 of 1st period - Snap shot by Tyler Seguin.
4:28 of 1st period - Shot Blocked by Kristopher Letang.
4:38 of 1st period - Kristopher Letang is hit by Kellan Lain and loses puck.
4:49 of 1st period - Snap shot by Kristopher Letang.
4:49 of 1st period - Shot Blocked by Ladislav Smid.
5:05 of 1st period - Snap shot by Marian Gaborik.
5:05 of 1st period - Shot Blocked by Brandon Burlon.
5:15 of 1st period - Snap shot by Nazem Kadri.
5:15 of 1st period - Stopped by Keith Kinkaid without a rebound.
5:16 of 1st period - Brad Richards wins face-off versus Riley Sheahan in Devils zone.
5:48 of 1st period - Snap shot by Tyler Seguin.
5:48 of 1st period - Deflect By Jamie Arniel.
5:48 of 1st period - Shot Misses the Net.
5:48 of 1st period - Puck is out of play.
5:49 of 1st period - Jamie Arniel wins face-off versus Tyler Seguin in Coyotes zone.
6:19 of 1st period - Minor Penalty to Jamie Arniel for Slashing.
6:20 of 1st period - Evgeny Artyukhin wins face-off versus Tyler Seguin in Coyotes zone.
6:46 of 1st period - Kristopher Letang is hit by Anthony Stewart and loses puck.
8:04 of 1st period - Zach Parise is hit by Brady Skjei and loses puck.
8:19 of 1st period - Penalty to Jamie Arniel is over, Jamie Arniel is back on ice.
9:40 of 1st period - Icing by Tyler Seguin.
9:41 of 1st period - Kellan Lain wins face-off versus Chris Stewart in Devils zone.
9:48 of 1st period - Slapshot by Kellan Lain.
9:48 of 1st period - Shot Misses the Net.
10:01 of 1st period - Wrist shot by Gabriel Landeskog.
10:01 of 1st period - Goal by Gabriel Landeskog - Coyotes : 0 - Devils : 1.
10:02 of 1st period - Nazem Kadri wins face-off versus Riley Sheahan in neutral zone.
10:30 of 1st period - Snap shot by Johnny Gaudreau.
10:30 of 1st period - Stopped by Thomas McCollum with a rebound.
10:32 of 1st period - Snap shot by Johnny Gaudreau.
10:32 of 1st period - Shot Misses the Net.
10:34 of 1st period - Snap shot by Johnny Gaudreau.
10:34 of 1st period - Goal by Johnny Gaudreau - Coyotes : 0 - Devils : 2.
10:35 of 1st period - Riley Sheahan wins face-off versus Nazem Kadri in neutral zone.
10:42 of 1st period - Wrist shot by Riley Sheahan.
10:42 of 1st period - Stopped by Thomas McCollum without a rebound.
10:43 of 1st period - Nazem Kadri wins face-off versus Riley Sheahan in Coyotes zone.
10:47 of 1st period - Off-side.
10:48 of 1st period - Nazem Kadri wins face-off versus Tyler Seguin in neutral zone.
10:59 of 1st period - Marian Gaborik is hit by Tyler Seguin and loses puck.
11:14 of 1st period - Anton Stralman is hit by Marian Hossa and loses puck.
12:34 of 1st period - Michael Del Zotto is hit by Shea Weber and loses puck.
12:45 of 1st period - Snap shot by Riley Sheahan.
12:45 of 1st period - Shot Hit the Post.
13:01 of 1st period - Kellan Lain is hit by Jamie Arniel and loses puck.
13:07 of 1st period - Icing by Kellan Lain.
13:08 of 1st period - Brad Richards wins face-off versus Kevin Porter in Devils zone.
13:37 of 1st period - Snap shot by Kellan Lain.
13:37 of 1st period - Shot Blocked by Brad Richards.
13:39 of 1st period - Slapshot by Ladislav Smid.
13:39 of 1st period - Deflect By Kellan Lain.
13:39 of 1st period - Stopped by Thomas McCollum without a rebound.
13:40 of 1st period - Tyler Seguin wins face-off versus Nazem Kadri in Coyotes zone.
14:07 of 1st period - Gabriel Landeskog is hit by Thomas Hickey and loses puck.
14:12 of 1st period - Snap shot by Jamie Arniel.
14:12 of 1st period - Stopped by Keith Kinkaid without a rebound.
14:13 of 1st period - Brad Richards wins face-off versus Riley Sheahan in Devils zone.
14:42 of 1st period - Snap shot by Anthony Stewart.
14:42 of 1st period - Deflect By Tyler Bozak.
14:42 of 1st period - Stopped by Thomas McCollum without a rebound.
14:43 of 1st period - Tyler Bozak wins face-off versus Nazem Kadri in Coyotes zone.
15:09 of 1st period - Travis Hamonic is hit by Martin Samuelsson.
15:51 of 1st period - Snap shot by Anthony Stewart.
15:51 of 1st period - Deflect By Marian Gaborik.
15:51 of 1st period - Stopped by Thomas McCollum with a rebound.
15:59 of 1st period - Wrist shot by Tyler Bozak.
15:59 of 1st period - Shot Misses the Net.
16:01 of 1st period - Snap shot by Rostislav Olesz.
16:01 of 1st period - Stopped by Thomas McCollum without a rebound.
16:02 of 1st period - Tyler Seguin wins face-off versus Brad Richards in Coyotes zone.
16:17 of 1st period - Wrist shot by Chris Stewart.
16:17 of 1st period - Stopped by Keith Kinkaid without a rebound.
16:18 of 1st period - Riley Sheahan wins face-off versus Nazem Kadri in Devils zone.
16:25 of 1st period - Slapshot by Marian Gaborik.
16:25 of 1st period - Shot Misses the Net.
16:27 of 1st period - Snap shot by Josh Gorges.
16:27 of 1st period - Shot Misses the Net.
16:45 of 1st period - Zach Parise is hit by Tyler Seguin and loses puck.
17:12 of 1st period - Kellan Lain is hit by Martin Samuelsson and loses puck.
17:30 of 1st period - Icing by Travis Hamonic.
17:31 of 1st period - Tyler Bozak wins face-off versus Nazem Kadri in Devils zone.
17:40 of 1st period - Nazem Kadri is hit by Tyler Bozak and loses puck.
18:25 of 1st period - Slapshot by Ramzi Abid.
18:25 of 1st period - Shot Misses the Net.
18:27 of 1st period - Wrist shot by Ramzi Abid.
18:27 of 1st period - Shot Misses the Net.
19:41 of 1st period - Michael Del Zotto is hit by Gabriel Landeskog and loses puck.
19:46 of 1st period - Slapshot by Gabriel Landeskog.
19:46 of 1st period - Stopped by Thomas McCollum without a rebound.
19:47 of 1st period - Brad Richards wins face-off versus Riley Sheahan in Coyotes zone.
Goals for this period are 0 for Coyotes vs 2 for Devils.
Shots for this period are 5 for Coyotes vs 12 for Devils.

2nd period


0:01 of 2nd period - Tyler Seguin wins face-off versus Nazem Kadri in neutral zone.
0:26 of 2nd period - Anton Stralman is hit by Kellan Lain.
0:52 of 2nd period - Shea Weber is hit by Zach Parise and loses puck.
1:11 of 2nd period - Johnny Gaudreau is hit by Evgeny Artyukhin and loses puck.
1:16 of 2nd period - Snap shot by Jamie Arniel.
1:16 of 2nd period - Shot Misses the Net.
2:19 of 2nd period - Off-side.
2:20 of 2nd period - Brad Richards wins face-off versus Kevin Porter in neutral zone.
2:45 of 2nd period - Tyler Seguin is hit by Anton Stralman and loses puck.
3:18 of 2nd period - Wrist shot by Gabriel Landeskog.
3:18 of 2nd period - Shot Blocked by Nazem Kadri.
3:50 of 2nd period - Wrist shot by Kellan Lain.
3:50 of 2nd period - Shot Blocked by Matt Donovan.
4:04 of 2nd period - Ramzi Abid is hit by Johnny Gaudreau and loses puck.
4:11 of 2nd period - Wrist shot by Johnny Gaudreau.
4:11 of 2nd period - Goal by Johnny Gaudreau - Coyotes : 0 - Devils : 3.
4:12 of 2nd period - Nazem Kadri wins face-off versus Tyler Seguin in neutral zone.
4:14 of 2nd period - Anton Stralman is hit by Brady Skjei and loses puck.
4:45 of 2nd period - Josh Gorges is hit by Travis Hamonic and loses puck.
4:50 of 2nd period - Slapshot by Brad Richards.
4:50 of 2nd period - Stopped by Keith Kinkaid with a rebound.
4:57 of 2nd period - Icing by Riley Sheahan.
4:58 of 2nd period - Jamie Arniel wins face-off versus Kevin Porter in Devils zone.
5:01 of 2nd period - Snap shot by Jamie Arniel.
5:01 of 2nd period - Shot Misses the Net.
5:03 of 2nd period - Wrist shot by Martin Samuelsson.
5:03 of 2nd period - Stopped by Keith Kinkaid with a rebound.
5:31 of 2nd period - Snap shot by Gabriel Landeskog.
5:31 of 2nd period - Deflect By Riley Sheahan.
5:31 of 2nd period - Shot Blocked by Anton Stralman.
5:31 of 2nd period - Puck is out of play.
5:32 of 2nd period - Riley Sheahan wins face-off versus Nazem Kadri in Coyotes zone.
5:39 of 2nd period - Backhand shot by Shea Weber.
5:39 of 2nd period - Shot Misses the Net.
5:41 of 2nd period - Wrist shot by Riley Sheahan.
5:41 of 2nd period - Stopped by Thomas McCollum without a rebound.
5:42 of 2nd period - Tyler Seguin wins face-off versus Marian Gaborik in Coyotes zone.
5:45 of 2nd period - Snap shot by Viktor Arvidsson.
5:45 of 2nd period - Goal by Viktor Arvidsson - Coyotes : 0 - Devils : 4.
5:45 of 2nd period - Maxime Daigneault enters game.
5:46 of 2nd period - Tyler Seguin wins face-off versus Nazem Kadri in neutral zone.
5:57 of 2nd period - Snap shot by Johnny Gaudreau.
5:57 of 2nd period - Stopped by Maxime Daigneault without a rebound.
5:58 of 2nd period - Tyler Seguin wins face-off versus Nazem Kadri in Coyotes zone.
6:13 of 2nd period - Wrist shot by Tyler Seguin.
6:13 of 2nd period - Stopped by Maxime Daigneault with a rebound.
7:28 of 2nd period - Major Penalty to Marian Gaborik for Boarding.
7:29 of 2nd period - Jamie Arniel wins face-off versus Tyler Seguin in Coyotes zone.
7:35 of 2nd period - Icing by Brady Skjei.
7:36 of 2nd period - Tyler Seguin wins face-off versus Jamie Arniel in Devils zone.
8:06 of 2nd period - Slapshot by Kellan Lain.
8:06 of 2nd period - Goal by Kellan Lain - Coyotes : 0 - Devils : 5.
8:07 of 2nd period - Jamie Arniel wins face-off versus Tyler Seguin in neutral zone.
10:48 of 2nd period - Brandon Burlon is hit by Michael Del Zotto and loses puck.
11:29 of 2nd period - Anton Stralman is hit by Tobias Enstrom and loses puck.
12:28 of 2nd period - Penalty to Marian Gaborik is over, Marian Gaborik is back on ice.
13:01 of 2nd period - Anthony Stewart is hit by Matt Donovan and loses puck.
13:40 of 2nd period - Josh Gorges is hit by Anthony Stewart and loses puck.
14:02 of 2nd period - Icing by Brandon Burlon.
14:03 of 2nd period - Riley Sheahan wins face-off versus Brad Richards in Devils zone.
14:03 of 2nd period - Riley Sheahan is hit by Brad Richards.
14:27 of 2nd period - Kristopher Letang is hit by Jordan Caron and loses puck.
14:53 of 2nd period - Viktor Arvidsson is hit by Evgeny Artyukhin and loses puck.
14:58 of 2nd period - Slapshot by Martin Samuelsson.
14:58 of 2nd period - Shot Blocked by Ladislav Smid.
15:16 of 2nd period - Ramzi Abid is hit by Anthony Stewart and loses puck.
15:37 of 2nd period - Gabriel Landeskog is hit by Nazem Kadri and loses puck.
15:59 of 2nd period - Snap shot by Kevin Porter.
15:59 of 2nd period - Shot Misses the Net.
16:01 of 2nd period - Wrist shot by Kevin Porter.
16:01 of 2nd period - Shot Blocked by Evgeny Artyukhin.
16:03 of 2nd period - Slapshot by Travis Hamonic.
16:03 of 2nd period - Shot Blocked by Matt Donovan.
16:07 of 2nd period - Backhand shot by Brady Skjei.
16:07 of 2nd period - Shot Blocked by Jamie Arniel.
16:09 of 2nd period - Snap shot by Kellan Lain.
16:09 of 2nd period - Shot Misses the Net.
17:22 of 2nd period - Wrist shot by Kellan Lain.
17:22 of 2nd period - Stopped by Maxime Daigneault without a rebound.
17:23 of 2nd period - Brad Richards wins face-off versus Tyler Seguin in Coyotes zone.
17:23 of 2nd period - Brad Richards is hit by Shea Weber.
17:52 of 2nd period - Snap shot by Riley Sheahan.
17:52 of 2nd period - Shot Blocked by Nazem Kadri.
17:54 of 2nd period - Wrist shot by Marian Hossa.
17:54 of 2nd period - Stopped by Maxime Daigneault with a rebound.
17:56 of 2nd period - Wrist shot by Marian Hossa.
17:56 of 2nd period - Stopped by Maxime Daigneault with a rebound.
17:58 of 2nd period - Slapshot by Shea Weber.
17:58 of 2nd period - Stopped by Maxime Daigneault without a rebound.
17:59 of 2nd period - Riley Sheahan wins face-off versus Nazem Kadri in Coyotes zone.
18:27 of 2nd period - Off-side.
18:28 of 2nd period - Brad Richards wins face-off versus Tyler Seguin in neutral zone.
18:58 of 2nd period - Slapshot by Michael Del Zotto.
18:58 of 2nd period - Stopped by Keith Kinkaid with a rebound.
19:00 of 2nd period - Slapshot by Josh Gorges.
19:00 of 2nd period - Stopped by Keith Kinkaid without a rebound.
19:01 of 2nd period - Riley Sheahan wins face-off versus Nazem Kadri in Devils zone.
19:08 of 2nd period - Slapshot by Travis Hamonic.
19:08 of 2nd period - Shot Misses the Net.
19:10 of 2nd period - Slapshot by Travis Hamonic.
19:10 of 2nd period - Stopped by Maxime Daigneault without a rebound.
19:11 of 2nd period - Riley Sheahan wins face-off versus Nazem Kadri in Coyotes zone.
19:20 of 2nd period - Snap shot by Gabriel Landeskog.
19:20 of 2nd period - Stopped by Maxime Daigneault without a rebound.
19:21 of 2nd period - Nazem Kadri wins face-off versus Viktor Arvidsson in Coyotes zone.
19:23 of 2nd period - Icing by Anton Stralman.
19:24 of 2nd period - Tyler Seguin wins face-off versus Nazem Kadri in Coyotes zone.
19:57 of 2nd period - Wrist shot by Brad Richards.
19:57 of 2nd period - Shot Misses the Net.
19:59 of 2nd period - Slapshot by Zach Parise.
19:59 of 2nd period - Stopped by Keith Kinkaid with a rebound.
Goals for this period are 0 for Coyotes vs 3 for Devils.
Shots for this period are 5 for Coyotes vs 12 for Devils.

3rd period


0:01 of 3rd period - Tyler Seguin wins face-off versus Nazem Kadri in neutral zone.
0:28 of 3rd period - Slapshot by Anton Stralman.
0:28 of 3rd period - Deflect By Marian Hossa.
0:28 of 3rd period - Stopped by Keith Kinkaid without a rebound.
0:29 of 3rd period - Riley Sheahan wins face-off versus Chris Stewart in Devils zone.
0:29 of 3rd period - Riley Sheahan is hit by Brad Richards.
0:36 of 3rd period - Tobias Enstrom is hit by Michael Del Zotto and loses puck.
0:50 of 3rd period - Minor Penalty to Zach Parise for Close Hand On Puck.
0:51 of 3rd period - Tyler Seguin wins face-off versus Jamie Arniel in Coyotes zone.
1:01 of 3rd period - Slapshot by Brady Skjei.
1:01 of 3rd period - Stopped by Maxime Daigneault without a rebound.
1:02 of 3rd period - Tyler Seguin wins face-off versus Jamie Arniel in Coyotes zone.
1:11 of 3rd period - Slapshot by Anton Stralman.
1:11 of 3rd period - Shot Blocked by Marian Hossa.
1:33 of 3rd period - Wrist shot by Kellan Lain.
1:33 of 3rd period - Shot Blocked by Anton Stralman.
2:19 of 3rd period - Josh Gorges is hit by Tobias Enstrom and loses puck.
2:50 of 3rd period - Penalty to Zach Parise is over, Zach Parise is back on ice.
3:13 of 3rd period - Off-side.
3:14 of 3rd period - Kevin Porter wins face-off versus Nazem Kadri in neutral zone.
3:17 of 3rd period - Slapshot by Ladislav Smid.
3:17 of 3rd period - Stopped by Maxime Daigneault with a rebound.
3:41 of 3rd period - Brandon Burlon is hit by Evgeny Artyukhin and loses puck.
4:32 of 3rd period - Wrist shot by Nazem Kadri.
4:32 of 3rd period - Stopped by Keith Kinkaid with a rebound.
4:34 of 3rd period - Slapshot by Anton Stralman.
4:34 of 3rd period - Shot Misses the Net.
4:36 of 3rd period - Wrist shot by Nazem Kadri.
4:36 of 3rd period - Stopped by Keith Kinkaid with a rebound.
5:35 of 3rd period - Brandon Burlon is hit by Matt Donovan and loses puck.
5:40 of 3rd period - Snap shot by Martin Samuelsson.
5:40 of 3rd period - Shot Blocked by Brandon Burlon.
6:22 of 3rd period - Josh Gorges is hit by Kevin Porter.
6:23 of 3rd period - Josh Gorges from Coyotes is injured at 6:23 of 3rd period (Sprained Right Knee).
6:24 of 3rd period - Nazem Kadri wins face-off versus Viktor Arvidsson in Coyotes zone.
6:57 of 3rd period - Anton Stralman is hit by Gabriel Landeskog and loses puck.
7:02 of 3rd period - Wrist shot by Gabriel Landeskog.
7:02 of 3rd period - Shot Blocked by Kristopher Letang.
7:38 of 3rd period - Slapshot by Marian Gaborik.
7:38 of 3rd period - Deflect By Shea Weber.
7:38 of 3rd period - Stopped by Keith Kinkaid with a rebound.
7:40 of 3rd period - Snap shot by Nazem Kadri.
7:40 of 3rd period - Stopped by Keith Kinkaid with a rebound.
7:42 of 3rd period - Snap shot by Kristopher Letang.
7:42 of 3rd period - Shot Misses the Net.
7:44 of 3rd period - Snap shot by Marian Gaborik.
7:44 of 3rd period - Deflect By Tobias Enstrom.
7:44 of 3rd period - Stopped by Keith Kinkaid without a rebound.
7:45 of 3rd period - Brad Richards wins face-off versus Tyler Seguin in Devils zone.
7:52 of 3rd period - Snap shot by Brad Richards.
7:52 of 3rd period - Stopped by Keith Kinkaid with a rebound.
7:54 of 3rd period - Wrist shot by Chris Stewart.
7:54 of 3rd period - Deflect By Zach Parise.
7:54 of 3rd period - Shot Blocked by Brandon Burlon.
7:54 of 3rd period - Puck is out of play.
7:55 of 3rd period - Brad Richards wins face-off versus Tyler Seguin in Devils zone.
8:11 of 3rd period - Slapshot by Viktor Arvidsson.
8:11 of 3rd period - Shot Misses the Net.
8:19 of 3rd period - Snap shot by Brad Richards.
8:19 of 3rd period - Stopped by Keith Kinkaid without a rebound.
8:20 of 3rd period - Nazem Kadri wins face-off versus Riley Sheahan in Devils zone.
8:52 of 3rd period - Wrist shot by Evgeny Artyukhin.
8:52 of 3rd period - Shot Blocked by Ladislav Smid.
8:54 of 3rd period - Slapshot by Michael Del Zotto.
8:54 of 3rd period - Goal by Michael Del Zotto - Coyotes : 1 - Devils : 5.
8:55 of 3rd period - Nazem Kadri wins face-off versus Johnny Gaudreau in neutral zone.
8:58 of 3rd period - Slapshot by Anton Stralman.
8:58 of 3rd period - Stopped by Keith Kinkaid with a rebound.
9:00 of 3rd period - Slapshot by Anton Stralman.
9:00 of 3rd period - Deflect By Tyler Ennis.
9:00 of 3rd period - Stopped by Keith Kinkaid without a rebound.
9:01 of 3rd period - Tyler Seguin wins face-off versus Nazem Kadri in Devils zone.
9:05 of 3rd period - Off-side.
9:06 of 3rd period - Tyler Seguin wins face-off versus Nazem Kadri in neutral zone.
9:11 of 3rd period - Wrist shot by Anton Stralman.
9:11 of 3rd period - Shot Blocked by Brady Skjei.
9:20 of 3rd period - Slapshot by Brady Skjei.
9:20 of 3rd period - Deflect By Viktor Arvidsson.
9:20 of 3rd period - Stopped by Maxime Daigneault without a rebound.
9:21 of 3rd period - Nazem Kadri wins face-off versus Riley Sheahan in Coyotes zone.
9:26 of 3rd period - Wrist shot by Tyler Ennis.
9:26 of 3rd period - Shot Misses the Net.
9:30 of 3rd period - Snap shot by Tyler Ennis.
9:30 of 3rd period - Shot Misses the Net.
9:32 of 3rd period - Backhand shot by Kristopher Letang.
9:32 of 3rd period - Stopped by Keith Kinkaid without a rebound.
9:33 of 3rd period - Tyler Seguin wins face-off versus Nazem Kadri in Devils zone.
9:33 of 3rd period - Tyler Seguin is hit by Anton Stralman.
9:49 of 3rd period - Johnny Gaudreau is hit by Tyler Ennis and loses puck.
10:07 of 3rd period - Slapshot by Michael Del Zotto.
10:07 of 3rd period - Stopped by Keith Kinkaid without a rebound.
10:08 of 3rd period - Riley Sheahan wins face-off versus Nazem Kadri in Devils zone.
10:47 of 3rd period - Wrist shot by Chris Stewart.
10:47 of 3rd period - Shot Misses the Net.
11:23 of 3rd period - Wrist shot by Brady Skjei.
11:23 of 3rd period - Stopped by Maxime Daigneault with a rebound.
11:25 of 3rd period - Slapshot by Brady Skjei.
11:25 of 3rd period - Stopped by Maxime Daigneault without a rebound.
11:26 of 3rd period - Nazem Kadri wins face-off versus Tyler Bozak in Coyotes zone.
11:31 of 3rd period - Wrist shot by Tyler Ennis.
11:31 of 3rd period - Shot Blocked by Rostislav Olesz.
11:33 of 3rd period - Wrist shot by Marian Gaborik.
11:33 of 3rd period - Shot Misses the Net.
11:35 of 3rd period - Wrist shot by Marian Gaborik.
11:35 of 3rd period - Stopped by Keith Kinkaid with a rebound.
11:37 of 3rd period - Slapshot by Matt Donovan.
11:37 of 3rd period - Shot Misses the Net.
11:39 of 3rd period - Slapshot by Michael Del Zotto.
11:39 of 3rd period - Deflect By Marian Gaborik.
11:39 of 3rd period - Stopped by Keith Kinkaid without a rebound.
11:40 of 3rd period - Tyler Seguin wins face-off versus Nazem Kadri in Devils zone.
11:47 of 3rd period - Slapshot by Johnny Gaudreau.
11:47 of 3rd period - Shot Blocked by Marian Gaborik.
11:49 of 3rd period - Wrist shot by Viktor Arvidsson.
11:49 of 3rd period - Shot Misses the Net.
12:11 of 3rd period - Wrist shot by Zach Parise.
12:11 of 3rd period - Shot Misses the Net.
12:13 of 3rd period - Backhand shot by Chris Stewart.
12:13 of 3rd period - Stopped by Keith Kinkaid without a rebound.
12:14 of 3rd period - Brad Richards wins face-off versus Riley Sheahan in Devils zone.
12:15 of 3rd period - Slapshot by Chris Stewart.
12:15 of 3rd period - Stopped by Keith Kinkaid without a rebound.
12:16 of 3rd period - Brad Richards wins face-off versus Riley Sheahan in Devils zone.
12:17 of 3rd period - Snap shot by Zach Parise.
12:17 of 3rd period - Goal by Zach Parise - Coyotes : 2 - Devils : 5.
12:18 of 3rd period - Tyler Seguin wins face-off versus Nazem Kadri in neutral zone.
12:23 of 3rd period - Snap shot by Johnny Gaudreau.
12:23 of 3rd period - Shot Misses the Net.
12:31 of 3rd period - Backhand shot by Tyler Ennis.
12:31 of 3rd period - Shot Misses the Net.
12:33 of 3rd period - Wrist shot by Nazem Kadri.
12:33 of 3rd period - Shot Blocked by Travis Hamonic.
12:35 of 3rd period - Wrist shot by Kristopher Letang.
12:35 of 3rd period - Stopped by Keith Kinkaid without a rebound.
12:36 of 3rd period - Riley Sheahan wins face-off versus Brad Richards in Devils zone.
12:44 of 3rd period - Off-side.
12:45 of 3rd period - Riley Sheahan wins face-off versus Brad Richards in neutral zone.
12:50 of 3rd period - Snap shot by Gabriel Landeskog.
12:50 of 3rd period - Shot Misses the Net.
12:56 of 3rd period - Snap shot by Gabriel Landeskog.
12:56 of 3rd period - Shot Misses the Net.
13:17 of 3rd period - Icing by Shea Weber.
13:18 of 3rd period - Nazem Kadri wins face-off versus Riley Sheahan in Devils zone.
13:23 of 3rd period - Slapshot by Nazem Kadri.
13:23 of 3rd period - Stopped by Keith Kinkaid with a rebound.
13:25 of 3rd period - Slapshot by Michael Del Zotto.
13:25 of 3rd period - Stopped by Keith Kinkaid without a rebound.
13:26 of 3rd period - Johnny Gaudreau wins face-off versus Tyler Ennis in Devils zone.
14:38 of 3rd period - Minor Penalty to Rostislav Olesz for Hooking.
14:39 of 3rd period - Chris Stewart wins face-off versus Riley Sheahan in Devils zone.
14:40 of 3rd period - Snap shot by Zach Parise.
14:40 of 3rd period - Shot Blocked by Ladislav Smid.
15:50 of 3rd period - Slapshot by Michael Del Zotto.
15:50 of 3rd period - Stopped by Keith Kinkaid without a rebound.
15:51 of 3rd period - Kevin Porter wins face-off versus Nazem Kadri in Devils zone.
15:51 of 3rd period - Kevin Porter is hit by Kristopher Letang.
16:38 of 3rd period - Penalty to Rostislav Olesz is over, Rostislav Olesz is back on ice.
16:48 of 3rd period - Snap shot by Rostislav Olesz.
16:48 of 3rd period - Shot Misses the Net.
17:08 of 3rd period - Snap shot by Kellan Lain.
17:08 of 3rd period - Shot Misses the Net.
17:39 of 3rd period - Travis Hamonic is hit by Michael Del Zotto and loses puck.
18:28 of 3rd period - Snap shot by Tyler Bozak.
18:28 of 3rd period - Stopped by Maxime Daigneault with a rebound.
18:30 of 3rd period - Slapshot by Anthony Stewart.
18:30 of 3rd period - Shot Misses the Net.
18:32 of 3rd period - Slapshot by Anthony Stewart.
18:32 of 3rd period - Stopped by Maxime Daigneault with a rebound.
18:39 of 3rd period - Icing by Jamie Arniel.
18:40 of 3rd period - Tyler Seguin wins face-off versus Nick Bonino in Coyotes zone.
19:14 of 3rd period - Minor Penalty to Matt Donovan for High sticking.
19:15 of 3rd period - Jamie Arniel wins face-off versus Tyler Seguin in Coyotes zone.
19:15 of 3rd period - Jamie Arniel is hit by Tyler Seguin.
Goals for this period are 2 for Coyotes vs 0 for Devils.
Shots for this period are 22 for Coyotes vs 7 for Devils.